 Dungeon Crawl Stone Soup version 0.31-a0-981-geadf994542 (webtiles) character file.

Game seed: 13197877471988127633

32 BinkBink the Trooper (level 3, -5/29 HPs)
             Began as a Merfolk Fighter on Nov 1, 2023.
             Killed from afar by an orc wizard (8 damage)
             ... with a puff of flame
             ... on level 2 of the Dungeon.
             The game lasted 00:00:58 (632 turns).

BinkBink the Trooper (Merfolk Fighter)               Turns: 632, Time: 00:00:59

Health: -5/29      AC:  6    Str: 18    XL:     3   Next: 27%
Magic:  3/3        EV:  9    Int:  7    God:
Gold:   76         SH:  0    Dex: 13    Spells: 2/2 levels left

rFire   . . .        a - +0 trident
rCold   . . .        c - +0 buckler
rNeg    . . .        b - +0 scale mail
rPois   .            (no helmet)
rElec   .            (no cloak)
rCorr   .            (no gloves)
SInv    .            (no boots)
Will    .....        (no amulet) Stlth
                     (no ring)
HPRegen 0.24/turn    (no ring)
MPRegen 0.08/turn

%: no passive effects
@: confused
A: (nimble swimmer 2), mertail
a: no special abilities


You were on level 2 of the Dungeon.
You visited 1 branch of the dungeon, and saw 2 of its levels.

You collected 76 gold pieces.

Inventory:

Hand Weapons
 a - a +0 trident (weapon)
Armour
 b - a +0 scale mail (worn)
 c - a +0 buckler (worn)
Scrolls
 g - a scroll of identify {unknown}
 k - a scroll of fear {unknown}
 l - a scroll of vulnerability {unknown}
Potions
 d - a potion of might
 e - a potion of mutation {unknown}
 f - 2 potions of curing {unknown}
 h - a potion of ambrosia {unknown}
 i - a potion of brilliance {unknown}
 j - 2 potions of degeneration {unknown}


   Skills:
 + Level 3.5 Fighting
 * Level 3.5 Polearms
 + Level 2.3 Armour
 + Level 1.1 Dodging
 + Level 3.2 Shields


You had 2 spell levels left.
You didn't know any spells.
Your spell library was empty.

Dungeon Overview and Level Annotations

Branches:
Dungeon (2/15)

Altars:


Innate Abilities, Weirdness & Mutations

((You are very nimble when in or above water. (Stealth+, EV+, Speed+++)))
Your lower body shifts to a powerful aquatic tail in water.


Message History

You are confused.
You're too confused to move!
A gnoll comes into view. It is wielding a +0 flail.
An orc priest comes into view. It is wielding a +0 hand axe.
The gnoll shouts!
You hear a shout! x2
A gnoll comes into view. It is wielding a +0 whip.
An orc comes into view. It is wielding a +0 club.
The orc priest invokes the aid of Beogh against you.
Beogh smites you!
The orc shouts!
An endoplasm comes into view.
You feel less confused.
The endoplasm quivers.
The endoplasm moves out of view.
You hit the orc wizard.
The orc wizard is moderately wounded.
The orc wizard hits you with a +4 dagger of distortion.
You hit the orc wizard.
The orc wizard is heavily wounded.
The orc wizard points at you and mumbles some strange words.
You are confused.
Unknown command.
You completely miss the orc wizard.
The orc wizard is heavily wounded.
The gnoll hits you with a +0 flail. The orc wizard barely misses you.
You hit the orc wizard.
The orc wizard is almost dead.
The gnoll barely misses you.
The orc wizard hits you but does no damage.
Space warps around you.
You miss the orc wizard.
The orc wizard is almost dead.
The orc wizard points at you and mumbles some strange words.
The magic dart hits you.
* * * LOW HITPOINT WARNING * * *
The gnoll closely misses you.
A gnoll comes into view. It is wielding a +0 halberd.
The orc wizard gestures at you while chanting.
The puff of flame hits you!
You die...

...... ..... ## ... ....
.# ... ... . ... ..#. ..#
..# ##g.### .... # #.#
##o.....## ....
.[..####.####Jo#.....##..#
#.........@og...$.......
#.##......g...#####...## )
#...........# ##....##..
#...........###<..#.....
#.......................
............#......#...##
###..........###....###..#
############ #....# ...
#<...# ...


You could see an orc priest, an orc wizard, 3 gnolls, an orc and an endoplasm.

Vanquished Creatures
  2 dart slugs (D:1)
  4 endoplasms
  A giant cockroach (D:1)
  3 goblins (D:1)
  2 hobgoblins (D:1)
  6 kobolds (D:1)
  A quokka (D:1)
  3 bats (D:1)
  3 rats (D:1)
25 creatures vanquished.

Notes
Turn   | Place    | Note
-------+----------+-------------------------------------------
     0 | D:1      | BinkBink the Merfolk Fighter began the quest for the Orb.
     0 | D:1      | Reached XP level 1. HP: 18/18 MP: 1/1
    37 | D:1      | Reached XP level 2. HP: 24/24 MP: 2/2
   297 | D:1      | Reached skill level 1 in Dodging
   319 | D:1      | Reached XP level 3. HP: 27/29 MP: 3/3
   632 | D:2      | Killed from afar by an orc wizard

Illustrated notes

Levels and vault maps discovered:
D:1:      spicycebolla_arrival_ecumenical, layout_basic
D:2:      layout_rooms

Skill      XL: |  1  2 |
---------------+-------+-----
Polearms       | 3 |  3.5
Dodging        | 1 |  1.1
Fighting       | |  3.5
Armour         | |  2.3
Shields        | |  3.2

Action                     || total
---------------------------++-------
  Melee: Trident           ||    72
 Armour: Scale mail        ||    32
  Dodge: Dodged            ||    27
  Block: Buckler           ||     8

Table legend: (Time is in decaauts)
 A = Elapsed time spent in this place.
 B = Non-inter-level travel time spent in this place.
 C = Inter-level travel time spent in this place.
 D = Time resting spent in this place.
 E = Time spent auto-exploring this place.
 F = Levels seen in this place.
 G = Mean time per level.
                   A        B        C        D        E       F      G
               +--------+--------+--------+--------+--------+-----+--------+
         Total |    643 |    631 |     12 |      0 |    478 |   2 |  321.5 |
       Dungeon |    643 |    631 |     12 |      0 |    478 |   2 |  321.5 |
               +--------+--------+--------+--------+--------+-----+--------+

Top non-repeatable levels by time:
     D:1: 600 daAuts
     D:2: 43 daAuts
